 Dungeon Crawl Stone Soup version 0.29-a0-993-g4a18f31a58 (webtiles) character file.

Game seed: 3837110477485482047

1 lucasj the Sneak (level 1, 0/16 HPs)
             Began as a Human Brigand on Aug 2, 2022.
             Slain by a hobgoblin (2 damage)
             ... on level 1 of the Dungeon.
             The game lasted 00:02:51 (119 turns).

lucasj the Sneak (Human Brigand)                     Turns: 119, Time: 00:02:51

Health: 0/16       AC:  4    Str: 11    XL:     1   Next: 22%
Magic:  1/1        EV: 11    Int: 11    God:
Gold:   12         SH:  0    Dex: 14    Spells: 0/0 levels left

rFire   . . .      SeeInvis .   a - +2 dagger
rCold   . . .      Faith    .   (no shield)
rNeg    . . .      Spirit   .   g - +0 leather armour
rPois   .          Reflect  .   (no helmet)
rElec   .          Harm     .   c - +0 cloak
rCorr   .          Rampage  .   (no gloves)
Will    .....                   (no boots)
Stlth   ++........              (no amulet)
HPRegen 0.05/turn               (no ring)
MPRegen 0.07/turn               (no ring)

@: no status effects
A: no striking features
a: no special abilities


You were on level 1 of the Dungeon.
You visited 1 branch of the dungeon, and saw 1 of its levels.

You collected 12 gold pieces.

Inventory:

Hand Weapons
 a - a +2 dagger (weapon)
Missiles
 d - 9 poisoned darts (quivered)
 e - 3 curare-tipped darts
Armour
 b - a +0 robe
 c - a +0 cloak (worn)
 g - a +0 leather armour (worn)
Potions
 f - a potion of haste {unknown}


   Skills:
 + Level 2.0 Fighting
 + Level 2.0 Short Blades
 + Level 2.0 Throwing
 + Level 1.0 Dodging
 + Level 4.1 Stealth


You couldn't memorise any spells.
You didn't know any spells.
Your spell library was empty.

Dungeon Overview and Level Annotations

Branches:
Dungeon (1/15)

Altars:


Message History

The hobgoblin shouts!
You hit the bat.
The bat is severely wounded.
The bat barely misses you.
A giant cockroach comes into view.
You barely miss the goblin. Your punch misses the goblin.
The bat barely misses you.
An endoplasm comes into view.
The goblin closely misses you. The bat hits you but does no damage.
You hit the bat.
You kill the bat!
The goblin closely misses you.
You hit the rat.
The rat is heavily wounded.
The rat completely misses you. The goblin hits you but does no damage.
You hit the rat.
You kill the rat!
The endoplasm freezes you.
You are frozen.
The goblin hits you but does no damage.
You closely miss the hobgoblin. The goblin hits you with a +0 dagger.
The endoplasm barely misses you.
The hobgoblin hits you but does no damage.
You barely miss the hobgoblin. The goblin hits you but does no damage.
The hobgoblin hits you. The endoplasm freezes you.
You are frozen.
You hit the hobgoblin.
The hobgoblin is lightly wounded.
The goblin hits you with a +0 dagger.
The hobgoblin hits you but does no damage.
The endoplasm hits you but does no damage.
You closely miss the hobgoblin.
The hobgoblin is lightly wounded.
The goblin hits you with a +0 dagger.
* * * LOW HITPOINT WARNING * * *
The hobgoblin hits you.
* * * LOW HITPOINT WARNING * * *
The endoplasm closely misses you. The hobgoblin attacks as you move away!
The hobgoblin hits you.
You die...

# #############.#
#.............#
#..#######.##.# #..#
#.# # #..# #.# ###..##
#@# #.....# #g#
####.###.#....JJ.......
#....###.#........####.
#.##.#...#..........
#.##...#.#...........
#..###...#.$......####
#.....#.##.........
#...[...##..........


You could see 2 endoplasms and a hobgoblin.

Vanquished Creatures
  A bat (D:1)
  A rat (D:1)
2 creatures vanquished.

Notes
Turn   | Place    | Note
-------+----------+-------------------------------------------
     0 | D:1      | lucasj the Human Brigand began the quest for the Orb.
     0 | D:1      | Reached XP level 1. HP: 16/16 MP: 1/1
   119 | D:1      | Slain by a hobgoblin

Illustrated notes

Levels and vault maps discovered:
D:1:      scummos_arrival_gate, layout_loops_ring, shapermc_ecumenical_altar_gd

Action                   || total
-------------------------++-------
Melee: Dagger            ||     9
Armor: Leather armour    ||     7
Dodge: Dodged            ||     9

Table legend: (Time is in decaauts)
 A = Elapsed time spent in this place.
 B = Non-inter-level travel time spent in this place.
 C = Inter-level travel time spent in this place.
 D = Time resting spent in this place.
 E = Time spent auto-exploring this place.
 F = Levels seen in this place.
 G = Mean time per level.
                   A        B        C        D        E       F      G
               +--------+--------+--------+--------+--------+-----+--------+
         Total |    118 |     46 |     72 |      0 |      0 |   1 |  118.0 |
       Dungeon |    118 |     46 |     72 |      0 |      0 |   1 |  118.0 |
               +--------+--------+--------+--------+--------+-----+--------+

Top non-repeatable levels by time:
     D:1: 118 daAuts
